[Event "Early-Titled-Tuesday-Blitz-March-05-2024"]
[Site "Chess.com"]
[Date "2024.03.05"]
[Round "1"]
[White "mortngabriel"]
[Black "MagnusCarlsen"]
[Result "0-1"]
[WhiteElo "2527"]
[BlackElo "3276"]
[TimeControl "180+1"]
[EndTime "8:05:56 PST"]
[Termination "MagnusCarlsen won by resignation"]

1. d4 b5 2. Nf3 Bb7 3. e3 a6 4. a4 b4 5. c4 e6 6. b3 Nf6 7.
Bb2 g6 8. Nbd2 a5 9. Bd3 Bg7 10. O-O O-O 11. e4 d6 12. Re1 Nfd7 13. Rb1 Na6 14. Nf1 e5 15. dxe5 dxe5 16. Ne3 Ndc5 17. Bc2 Re8 18. Qxd8 Raxd8 19. Nd5 c6 20. Ne3 Nd3 21.
Bxd3 Rxd3 22. Ba1 Nc5 23. Red1 Rxb3 24. Rxb3 Nxb3 25. c5 Ba6 26. Bb2 f6 27. Rd7 Nxc5 28. Ra7 Rd8 29. h4 h5 30. g4 Be2 31. Kg2 Nxa4 32. Ba1 hxg4 33. Nxg4 b3 34. Rxa5 b2 35. Bxb2 Nxb2 36. h5 gxh5 37. Ne3 Nc4 38. Nxc4 Bxc4 39. Ra7 Bd3 0-1

[Event "Early-Titled-Tuesday-Blitz-March-05-2024"]
[Site "Chess.com"]
[Date "2024.03.05"]
[Round "1"]
[White "DishonorOnYourCow"]
[Black "Austen48"]
[Result "0-1"]
[WhiteElo "2567"]
[BlackElo "2268"]
[TimeControl "180+1"]
[EndTime "8:05:56 PST"]
[Termination "Austen48 won by resignation"]

1. d4 Nf6 2. c4 e6 3. Nf3 Bb4+ 4.
Nbd2 O-O 5. a3 Be7 6. e4 d6 7. Be2 Nbd7 8. b4 e5 9. d5 a5 10. Bb2 Ne8 11. O-O f5 12. exf5 Rxf5 13. Bd3 Rf8 14. Qc2 Ndf6 15. Ng5 g6 16. Bxg6 hxg6 17.
Qxg6+ Ng7 18. Nde4 Bf5 19. Qh6 Nxe4 20. Nxe4 Bxe4 21.
f4 Rf6 22. Qh3 Rg6 23. g3 Bf5 24. Qg2 e4 25. b5 Bf6 26. Rae1 Bxb2 27. Qxb2 Qf6 28.
Qb3 Qd4+ 29. Kh1 Re8 30. Re3 Bg4 31. b6 cxb6 32. h4 Bf3+ 33. Kh2 Qd2+ 0-1

[Event "Early-Titled-Tuesday-Blitz-March-05-2024"]
[Site "Chess.com"]
[Date "2024.03.05"]
[Round "1"]
[White "oneshot007"]
[Black "Nellichka"]
[Result "1-0"]
[WhiteElo "2536"]
[BlackElo "2038"]
[TimeControl "180+1"]
[EndTime "8:05:56 PST"]
[Termination "oneshot007 won by resignation"]

1. e4 e6 2. d4 d5 3. Nc3 Bb4 4. a3 Bxc3+ 5. bxc3 dxe4 6. Qg4 Nf6 7.
Qxg7 Rg8 8. Qh6 Rg6 9. Qd2 c5 10. Ne2 Nc6 11. dxc5 Qa5 12. Nd4 Ne5 13. Nb5 Bd7 14.
Nd6+ Kf8 15. c4 Qxc5 16. Qb4 b6 17. Be3 Qxb4+ 18. axb4 Ke7 19. c5 bxc5 20. Bxc5 Kd8 21. O-O-O Kc7 22. Ba6 Rxg2 23. Rhe1 Nf3 24. Re3 Rxf2 25.
Nxe4 Nxe4 26. Rxe4 Rxh2 27. Bd6+ Kb6 28. Bxh2 Bc6 29.
Rd6 Rc8 1-0

[Event "Early-Titled-Tuesday-Blitz-March-05-2024"]
[Site "Chess.com"]
[Date "2024.03.05"]
[Round "1"]
[White "MFatigue"]
[Black "KuzubovYuriy"]
[Result "0-1"]
[WhiteElo "2510"]
[BlackElo "2981"]
[TimeControl "180+1"]
[EndTime "8:05:57 PST"]
[Termination "KuzubovYuriy won by resignation"]

1. e4 e6 2. d4 d5 3. Nc3 Bb4 4. e5 Ne7 5. a3 Bxc3+ 6. bxc3 b6 7. Nf3 Qd7 8. Bd3 Ba6 9. O-O Bxd3 10. Qxd3 Nbc6 11.
c4 Na5 12. cxd5 Qxd5 13. a4 Nec6 14. c3 Nc4 15. Bf4 h6 16. Bg3 N6a5 17. Rfd1 Nb2 18. Qc2 Nxd1 19. Rxd1 Qb3 20. Qxb3 Nxb3 21. c4 O-O-O 22.
d5 Na5 23. Rd4 c5 24. Rd1 Nxc4 25. d6 Kd7 26. Rc1 Na5 27. h4 Rc8 28. Nd2 c4 29.
Ne4 Nb3 30. Rc3 Nd4 31. Kf1 a6 32. f4 b5 33. Bf2 Nb3 34. Ke2 b4 35. Rc2 Rc6 36. g4 c3 37. Kd3 Rhc8 38. Be1 Nc5+ 39.
Nxc5+ Rxc5 40. h5 f6 41. exf6 gxf6 42. Bh4 b3 0-1

[Event "Early-Titled-Tuesday-Blitz-March-05-2024"]
[Site "Chess.com"]
[Date "2024.03.05"]
[Round "1"]
[White "DavidGavrilescu18"]
[Black "becemix"]
[Result "1-0"]
[WhiteElo "2755"]
[BlackElo "2431"]
[TimeControl "180+1"]
[EndTime "8:05:57 PST"]
[Termination "DavidGavrilescu18 won on time"]

1. e4 c5 2. Nf3 d6 3. d4 cxd4 4.
Qxd4 Bd7 5. h3 Nc6 6. Qe3 g6 7. Be2 Bg7 8. O-O Nf6 9. Rd1 O-O 10. Nc3 Qb8 11. a3 Re8 12. Qf4 a6 13. Qh4 b5 14.
Bh6 Bh8 15. Nd5 Nxd5 16. exd5 Ne5 17. Ng5 f6 18. Ne6 Bxe6 19. dxe6 Bg7 20. Be3 Qc7 21.
c3 Rac8 22. Bd4 Nc4 23. b3 Ne5 24. a4 Qc6 25. axb5 axb5 26. f4 Qe4 27. Bxb5 Rf8 28. Re1 Qd5 29. Ba6 g5 30. Qf2 gxf4 31. Bxe5 fxe5 32. Bxc8 Rxc8 33. c4 Qxe6 34. Ra7 Qf6 35. Kh1 Rb8 36. Qf3 Qg5 37. Ra8 Rxa8 38. Qxa8+ Kf7 39.
Qd5+ Kg6 40. b4 Bf6 41. c5 Qg3 42. Qe4+ Kh6 43. Rd1 dxc5 44. bxc5 Kg7 45. c6 Qc3 46. Qf3 Qc5 47. Qg4+ Kh6 48. Qd7 e4 49. c7 f3 50.
c8=Q fxg2+ 51. Kxg2 1-0

[Event "Early-Titled-Tuesday-Blitz-March-05-2024"]
[Site "Chess.com"]
[Date "2024.03.05"]
[Round "1"]
[White "Fandorine"]
[Black "mbchess97"]
[Result "1-0"]
[WhiteElo "2934"]
[BlackElo "2492"]
[TimeControl "180+1"]
[EndTime "8:05:58 PST"]
[Termination "Fandorine won by resignation"]

1. d4 Nf6 2. c4 e6 3. g3 d5 4. Bg2 c6 5. Nd2 Be7 6. Ngf3 O-O 7. O-O b5 8. c5 Nbd7 9. Qc2 Re8 10. e4 dxe4 11. Nxe4 Nd5 12. h4 Qc7 13. Re1 e5 14. Neg5 Bxg5 15. Bxg5 Bb7 16. dxe5 Nxe5 17. Nd4 f6 18. Bd2 Rad8 19. Nf5 Nc4 20. b3 Nxd2 21.
Qxd2 Re5 22. Nd6 Ne7 23. Rxe5 fxe5 24. Qg5 Ng6 25. Nxb7 Rf8 26. Nd6 1-0

[Event "Early-Titled-Tuesday-Blitz-March-05-2024"]
[Site "Chess.com"]
[Date "2024.03.05"]
[Round "1"]
[White "David_George21"]
[Black "Neijin"]
[Result "0-1"]
[WhiteElo "2409"]
[BlackElo "2708"]
[TimeControl "180+1"]
[EndTime "8:05:58 PST"]
[Termination "Neijin won by resignation"]

1. e4 e5 2. Nf3 Nc6 3. Bb5 Nf6 4.
O-O Nxe4 5. d4 Nd6 6. Bxc6 dxc6 7. dxe5 Nf5 8. Qxd8+ Kxd8 9. Nc3 Ke8 10. Ne4 h5 11. b3 Be7 12. Bb2 Be6 13. c4 a5 14. Rad1 a4 15.
Rd2 h4 16. h3 Rh5 17. Rfd1 axb3 18. axb3 b5 19. Rc1 bxc4 20. bxc4 Ra4 21. Nc3 Rxc4 22.
Ra1 f6 23. exf6 Bxf6 24. Ne2 Nd6 25. Bxf6 gxf6 26. Ra8+ Kf7 27. Nfd4 Rd5 28. Ra7 Nb5 29. Nxb5 Rxd2 30. Rxc7+ Kg6 31. Nf4+ Rxf4 32. Rxc6 Bd5 33.
Rd6 Rfxf2 34. Rxd5 Rxd5 35. Kxf2 Rxb5 0-1

[Event "Early-Titled-Tuesday-Blitz-March-05-2024"]
[Site "Chess.com"]
[Date "2024.03.05"]
[Round "1"]
[White "ChessRespected"]
[Black "Willi_Skibbe"]
[Result "1-0"]
[WhiteElo "2619"]
[BlackElo "2317"]
[TimeControl "180+1"]
[EndTime "8:05:58 PST"]
[Termination "ChessRespected won by resignation"]

1. d4 d5 2. Nf3 Nf6 3. e3 e6 4. Bd3 b6 5. O-O Bb7 6. Nbd2 Bd6 7. b3 Ne4 8. Bb2 Nd7 9. Ne5 Nxd2 10. Qxd2 f6 11. Nxd7 Qxd7 12. c4 O-O 13. Rac1 f5 14. c5 Be7 15. b4 b5 16. c6 Bxc6 17. Qc2 Bb7 18. Qxc7 Rfd8 19. Bxb5 Qxb5 20. Qxe7 Qd7 21. Rc7 Qxe7 22. Rxe7 Ba6 23. Rc1 Re8 24. Rxe8+ Rxe8 25. Rc7 Ra8 26. f3 Bc4 27. a4 Rb8 28. Bc3 Kf8 29. Rxa7 Bb3 30. b5 Rc8 31. Bb4+ Kg8 32. Bc5 Rb8 33. h4 h6 34. h5 Bc4 35. Bd6 Rc8 36.
Be5 1-0

[Event "Early-Titled-Tuesday-Blitz-March-05-2024"]
[Site "Chess.com"]
[Date "2024.03.05"]
[Round "1"]
[White "ozates"]
[Black "kyuotbi"]
[Result "1-0"]
[WhiteElo "2614"]
[BlackElo "2311"]
[TimeControl "180+1"]
[EndTime "8:05:58 PST"]
[Termination "ozates won by checkmate"]

1. e4 e5 2. Nc3 Nf6 3. d4 exd4 4.
Qxd4 Nc6 5. Qd3 Bb4 6. Bd2 Qe7 7. O-O-O O-O 8. Re1 Ne5 9. Qg3 d6 10. f4 Ng6 11. e5 Bxc3 12. Bxc3 Nh5 13. Qf3 Nhxf4 14. exd6 Qxd6 15. Bc4 Be6 16. Bxe6 Nxe6 17. Nh3 b5 18.
Rd1 Qb6 19. Rhf1 b4 20. Be1 c5 21. Bg3 Qa6 22. Kb1 Nd4 23. Qd5 Rad8 24. Qxc5 Ne2 25.
Ng5 Rc8 26. Qd5 Nxg3 27. Rxf7 Rxf7 28. Nxf7 Qc4 29. Nh6+ Kh8 30. Qxc4 Rxc4 31. Rd8+ Nf8 32. Rxf8# 1-0

[Event "Early-Titled-Tuesday-Blitz-March-05-2024"]
[Site "Chess.com"]
[Date "2024.03.05"]
[Round "1"]
[White "viktorskliarov"]
[Black "Kapitan_Bayan"]
[Result "1-0"]
[WhiteElo "2607"]
[BlackElo "2290"]
[TimeControl "180+1"]
[EndTime "8:06:00 PST"]
[Termination "viktorskliarov won by resignation"]

1. e4 c5 2. Nf3 d6 3. d4 cxd4 4.
Qxd4 Nc6 5. Bb5 Bd7 6. Bxc6 Bxc6 7. Nc3 Nf6 8. Bg5 a6 9. O-O-O e6 10. Rhe1 Be7 11.
Kb1 h6 12. Bh4 Qd7 13. Bxf6 Bxf6 14. Qxd6 Qxd6 15. Rxd6 Ke7 16. Rd3 g5 17. Nd5+ Bxd5 18. exd5 Rhd8 19. dxe6 fxe6 20. Red1 e5 21. Rxd8 Rxd8 22.
Rxd8 Kxd8 23. Kc1 Ke7 24. Kd2 e4 25. Ng1 Bxb2 26. Ke3 Be5 27. h3 Ke6 28. Kxe4 b5 29. Ne2 a5 30. Nd4+ Bxd4 31. Kxd4 Kd6 32. g3 b4 33. f4 1-0

[Event "Early-Titled-Tuesday-Blitz-March-05-2024"]
[Site "Chess.com"]
[Date "2024.03.05"]
[Round "1"]
[White "Genghis_K"]
[Black "Road2GM3000"]
[Result "1-0"]
[WhiteElo "2947"]
[BlackElo "2503"]
[TimeControl "180+1"]
[EndTime "8:06:01 PST"]
[Termination "Genghis_K won by checkmate"]

1. e4 c5 2. Nf3 d6 3. Bb5+ Bd7 4. Bxd7+ Nxd7 5. O-O Ngf6 6. Qe2 e6 7. b3 Be7 8. Bb2 O-O 9. d4 cxd4 10. Nxd4 Rc8 11. c4 a6 12. Nc3 Qa5 13. f4 Rfd8 14. Nf3 Qc5+ 15. Kh1 Nb8 16. Na4 Qa5 17. Bd4 Nbd7 18. e5 Ne8 19. Qe3 Nc5 20. Nxc5 dxc5 21. Bc3 Qc7 22.
f5 exf5 23. e6 Bf6 24. Bxf6 Nxf6 25. Ng5 fxe6 26. Qxe6+ Kf8 27. Rxf5 Qe7 28. Nxh7+ Ke8 29. Rxf6 gxf6 30. Nxf6+ Kf8 31. Qg8# 1-0

[Event "Early-Titled-Tuesday-Blitz-March-05-2024"]
[Site "Chess.com"]
[Date "2024.03.05"]
[Round "1"]
[White "A-Fier"]
[Black "Brahianzevich"]
[Result "1-0"]
[WhiteElo "2939"]
[BlackElo "2493"]
[TimeControl "180+1"]
[EndTime "8:06:01 PST"]
[Termination "A-Fier won by resignation"]

1. d4 d5 2. Bg5 h6 3. Bh4 c6 4.
e3 Qb6 5. Qc1 e5 6. Nf3 e4 7.
Nfd2 Ne7 8. c4 Be6 9. Nc3 Nf5 10.
Bg3 Nd7 11. Be2 h5 12. Bf4 Be7 13. Ndxe4 dxe4 14. d5 cxd5 15. cxd5 g5 16. dxe6 Qxe6 17. Nb5 O-O 18. Nc7 Rfc8 19. Nxe6 Rxc1+ 20. Rxc1 fxe6 21. Bc7 Bb4+ 22. Kd1 Nf6 23. Kc2 Nd5 24. Kb1 h4 25. Be5 Be7 26. Bc4 Kf7 27. Rhd1 Rd8 28. Bb3 Rd7 29. h3 Bf6 30. Bxf6 Kxf6 31. Rc4 Ke5 32.
Bc2 Nd6 33. Rcd4 b6 34. a3 Rc7 35. Bb3 Rc5 36. Ba2 Nf5 37. R4d2 a5 38. Bb3 Nd6 39. Rc1 Rb5 40. Ba4 Rc5 41. Rxc5 bxc5 42. Rc2 c4 43. b3 c3 44. Bc6 Nf5 45. Bxd5 exd5 46.
Rxc3 d4 47. Rc5+ 1-0

[Event "Early-Titled-Tuesday-Blitz-March-05-2024"]
[Site "Chess.com"]
[Date "2024.03.05"]
[Round "1"]
[White "dosto07"]
[Black "MikeSailer"]
[Result "1-0"]
[WhiteElo "2559"]
[BlackElo "2178"]
[TimeControl "180+1"]
[EndTime "8:06:01 PST"]
[Termination "dosto07 won by checkmate"]

1. e4 d5 2. exd5 Qxd5 3. Nc3 Qd6 4. d4 c6 5. Nf3 Bg4 6. Be3 e6 7. h3 Bh5 8. g4 Bg6 9. Ne5 Nf6 10. Bg2 Nbd7 11.
Bf4 Nxe5 12. Bxe5 Qb4 13. Bxf6 gxf6 14. Rb1 O-O-O 15. O-O h5 16. Qf3 hxg4 17. hxg4 Bd6 18. Rfc1 Qxd4 19. Rd1 Bh2+ 20. Kf1 Qc4+ 21. Qe2 Qxe2+ 22.
Kxe2 Bxc2 23. Rxd8+ Rxd8 24. Rh1 Bf4 25. Be4 Rd2+ 26. Kf3 Bxe4+ 27. Nxe4 Rxb2 28. Kxf4 Rxa2 29. Rh7 a5 30. Rxf7 e5+ 31. Kf5 a4 32. Nd6+ Kd8 33. Ke6 Rxf2 34. Rd7# 1-0

[Event "Early-Titled-Tuesday-Blitz-March-05-2024"]
[Site "Chess.com"]
[Date "2024.03.05"]
[Round "1"]
[White "GlavkonVVS"]
[Black "SmirnovTimofey2000"]
[Result "1-0"]
[WhiteElo "2530"]
[BlackElo "1954"]
[TimeControl "180+1"]
[EndTime "8:06:01 PST"]
[Termination "GlavkonVVS won on time"]

1. c4 c6 2. Nc3 d5 3. d4 Nf6 4. Nf3 e6 5. Bg5 dxc4 6. a4 b5 7.
axb5 cxb5 8. Nxb5 Qb6 9. Nc3 Qxb2 10. Bd2 Be7 11. Rb1 Qa3 12. Nb5 Qa2 13. Nc7+ Kf8 14.
Nxa8 Nc6 15. e3 g6 16. Ra1 Qb2 17. Bxc4 Kg7 18. Nc7 Bb4 19. O-O Rd8 20. Rb1 Qa3 21. Nb5 Qa5 22. Bxb4 Nxb4 23. Ra1 Qb6 24. Rxa7 Ba6 25.
Qa4 Nfd5 26. Ne5 Bxb5 27. Rxf7+ Kh6 28. Bxb5 Nxe3 29. fxe3 Rxd4 30. exd4 Qxd4+ 31. Kh1 1-0

[Event "Early-Titled-Tuesday-Blitz-March-05-2024"]
[Site "Chess.com"]
[Date "2024.03.05"]
[Round "1"]
[White "Indianlad"]
[Black "Herzog2012"]
[Result "1-0"]
[WhiteElo "3012"]
[BlackElo "2512"]
[TimeControl "180+1"]
[EndTime "8:06:03 PST"]
[Termination "Indianlad won on time"]

1. f4 d5 2. Nf3 Nf6 3. e3 g6 4. b3 Bg7 5. Bb2 O-O 6. Be2 c5 7. O-O Nc6 8. Qe1 d4 9. Na3 Bf5 10. Kh1 d3 11. cxd3 Bxd3 12. Nc4 Ne4 13. Bxg7 Kxg7 14.
Bxd3 Qxd3 15. Nb2 Qc2 16. Qc1 Qxc1 17. Raxc1 b6 18. d3 Nd6 19. a3 Rac8 20. Kg1 Na5 21. b4 cxb4 22. axb4 Nb3 23. Rb1 Rc2 24. Na4 Nd2 25.
Nxd2 Rxd2 26. Rfd1 Rxd1+ 27. Rxd1 Rc8 28. Rd2 a5 29.
Nxb6 Rc1+ 30. Kf2 axb4 31. Rb2 Nf5 32. Nd5 b3 33. g4 1-0

[Event "Early-Titled-Tuesday-Blitz-March-05-2024"]
[Site "Chess.com"]
[Date "2024.03.05"]
[Round "1"]
[White "Sajith_Peiris"]
[Black "Rokis13"]
[Result "0-1"]
[WhiteElo "2245"]
[BlackElo "2583"]
[TimeControl "180+1"]
[EndTime "8:06:04 PST"]
[Termination "Rokis13 won on time"]

1. e4 e5 2. Nf3 Nc6 3. Bb5 Nge7 4. O-O g6 5. c3 a6 6. Ba4 Bg7 7. d4 exd4 8. cxd4 b5 9. Bc2 O-O 10. Nc3 d5 11. exd5 Nxd5 12. Be4 Be6 13. Bg5 Qd7 14. Rc1 Rfe8 15. h3 Rac8 16. Bh4 h6 17. Nxd5 Bxd5 18. Bxd5 Qxd5 19. Rc5 Qd7 20. Bg3 Nxd4 21. Nxd4 Qxd4 22. Qc2 Qxb2 23. Qxb2 Bxb2 24. Rc6 Bd4 25. Rxa6 c5 26. Rb6 b4 27. Rb5 Re2 28. Rc1 Rxa2 29. Rxb4 cxb4 30. Rxc8+ Kg7 31. Rb8 Rb2 32. h4 b3 33. Rb4 Rb1+ 34.
Kh2 Bf6 35. h5 b2 36. hxg6 Kxg6 37. Rb6 Re1 0-1

[Event "Early-Titled-Tuesday-Blitz-March-05-2024"]
[Site "Chess.com"]
[Date "2024.03.05"]
[Round "1"]
[White "Szachulec75"]
[Black "RandomNoob04"]
[Result "0-1"]
[WhiteElo "2212"]
[BlackElo "2573"]
[TimeControl "180+1"]
[EndTime "8:06:04 PST"]
[Termination "RandomNoob04 won by resignation"]

1. Nf3 g6 2. g3 Bg7 3. Bg2 c5 4. O-O Nc6 5. d3 e5 6. c4 Nge7 7. Nc3 O-O 8. a3 d5 9. cxd5 Nxd5 10. Bd2 h6 11. Rc1 Be6 12. Ne4 b6 13. Be1 Rc8 14. Ned2 Qe7 15. Qa4 Nd4 16. Nxd4 exd4 17. Nc4 Rfd8 18.
b4 Nc3 19. Bxc3 dxc3 20. Ne3 cxb4 21. axb4 h5 22. h3 Bh6 23. Qa3 Bxe3 24. fxe3 Qg5 25.
Kh2 Qxe3 26. Rxc3 Qxe2 27. Kg1 Qe5 28. Rxc8 Rxc8 29. Rf3 Rc2 30. Rf2 Qe3 0-1

[Event "Early-Titled-Tuesday-Blitz-March-05-2024"]
[Site "Chess.com"]
[Date "2024.03.05"]
[Round "1"]
[White "Goryachkina"]
[Black "salzikis"]
[Result "0-1"]
[WhiteElo "2687"]
[BlackElo "2440"]
[TimeControl "180+1"]
[EndTime "8:06:05 PST"]
[Termination "salzikis won by resignation"]

1. e4 e5 2. Nf3 Nf6 3. Nc3 Nc6 4. h3 h6 5. Bb5 Bd6 6. O-O a6 7. Ba4 O-O 8. d3 Re8 9. Be3 Bf8 10. a3 d6 11. Bxc6 bxc6 12. Ne2 d5 13. Ng3 d4 14.
Bd2 c5 15. b3 Nh7 16. Kh1 Qf6 17. Nh2 Bd6 18. Ng4 Qh4 19. Nh2 Bd7 20. Qh5 Qxh5 21. Nxh5 g6 22. Ng3 h5 23. f4 exf4 24. Bxf4 Kg7 25.
Bxd6 cxd6 26. Nf3 f6 27. Nd2 Red8 28. a4 Be6 29. Ne2 g5 30. Ng3 h4 31. Nf5+ Kf7 32.
Rf2 Rab8 33. Raf1 Rb7 34. Nh6+ Kg6 35. Rxf6+ Nxf6 36. Nf5 Bxf5 37. Rxf5 Nh7 38. Nc4 Rf7 39. Rd5 Nf6 40. Rxd6 Rxd6 41. Nxd6 Rf8 42. Kh2 Nh5 43. Nf5 Ng3 44. Nxg3 hxg3+ 45. Kxg3 Rf1 46. h4 gxh4+ 0-1

[Event "Early-Titled-Tuesday-Blitz-March-05-2024"]
[Site "Chess.com"]
[Date "2024.03.05"]
[Round "1"]
[White "Aalessia"]
[Black "Smoking_Crow"]
[Result "1-0"]
[WhiteElo "2359"]
[BlackElo "2607"]
[TimeControl "180+1"]
[EndTime "8:06:06 PST"]
[Termination "Aalessia won by resignation"]

1. d4 Nf6 2. c4 e6 3. Nc3 Bb4 4. Qc2 O-O 5. Nf3 d5 6. cxd5 exd5 7. Bg5 c6 8. e3 Bg4 9. Bd3 Bxf3 10. Bxh7+ Kh8 11. gxf3 g6 12. Bxg6 fxg6 13. Qxg6 Qe7 14. Qh6+ Kg8 15. Rg1 Bxc3+ 16. bxc3 Qg7 17. Qh4 Kf7 18.
Ke2 Nbd7 19. Bh6 Qh8 20. Rg7+ Ke8 21. Qh3 Kd8 22. Rag1 Re8 23. R1g6 Re7 24. Qf5 Qe8 25.
Rxf6 Nxf6 26. Qxf6 Kd7 27. Qf5+ Kd6 28. Bf4+ 1-0

[Event "Early-Titled-Tuesday-Blitz-March-05-2024"]
[Site "Chess.com"]
[Date "2024.03.05"]
[Round "1"]
[White "Orest_Vovk"]
[Black "Christian_Jordan"]
[Result "1-0"]
[WhiteElo "2562"]
[BlackElo "2163"]
[TimeControl "180+1"]
[EndTime "8:06:11 PST"]
[Termination "Orest_Vovk won by resignation"]

1. h4 d5 2. h5 e5 3. h6 Nxh6 4. d4 e4 5. Bxh6 gxh6 6. e3 Bf5 7. c4 c6 8. Nc3 Be6 9. Qb3 Qb6 10. Nge2 Nd7 11.
Nf4 Qxb3 12. axb3 Nf6 13. cxd5 cxd5 14. Bb5+ Ke7 15. Be2 Bg7 16. Kd2 a6 17. Ra5 Kd6 18. b4 Rac8 19. b5 axb5 20. Rxb5 Rb8 21. Rb6+ Kc7 22.
Rxe6 fxe6 23. Nxe6+ Kd6 24. Nxg7 Rhg8 25. Rxh6 Ke7 26.
Nh5 Nxh5 27. Rxh5 Rxg2 28. Nxd5+ Kd6 29. Nf4 Rxf2 30. Rh6+ Kc7 31. Rxh7+ Kb6 32. Re7 Rh2 33. Re6+ Ka5 34. Rxe4 b5 35. d5 Rd8 36. Rd4 b4 37. d6 Ka4 38. Nd3 1-0

[Event "Early-Titled-Tuesday-Blitz-March-05-2024"]
[Site "Chess.com"]
[Date "2024.03.05"]
[Round "1"]
[White "Al_Shima"]
[Black "FREDERICKtheMATE"]
[Result "0-1"]
[WhiteElo "2420"]
[BlackElo "2719"]
[TimeControl "180+1"]
[EndTime "8:06:12 PST"]
[Termination "FREDERICKtheMATE won by resignation"]

1. d4 Nf6 2. c4 e6 3. Nc3 d5 4. Bg5 c6 5. e3 Nbd7 6. Bd3 h6 7.
Bh4 g5 8. Bg3 dxc4 9. Bxc4 b5 10. Bb3 Bb7 11. Nf3 a6 12. h4 Rg8 13. hxg5 hxg5 14.
Ne5 Nxe5 15. Bxe5 c5 16. dxc5 Qxd1+ 17. Rxd1 Nd7 18. Bd6 Bxg2 19. Rg1 Bf3 20. Rd2 Nxc5 21. Bxf8 Kxf8 22. Bc2 Ke7 23. a3 Rac8 24. Rd4 f5 25. Rg3 g4 26. Rg1 Rcd8 27. Kd2 e5 28. Rxd8 Rxd8+ 29. Kc1 Nd3+ 30. Bxd3 Rxd3 31. Kc2 Rd6 32. b4 Rh6 33.
Kd2 Rh2 34. Rf1 g3 35. Ke1 g2 36. Rg1 Rh1 37. Ne2 Bxe2 38. Rxh1 gxh1=Q+ 0-1

[Event "Early-Titled-Tuesday-Blitz-March-05-2024"]
[Site "Chess.com"]
[Date "2024.03.05"]
[Round "1"]
[White "BogdanDeac"]
[Black "WindWhistler11"]
[Result "1-0"]
[WhiteElo "2995"]
[BlackElo "2511"]
[TimeControl "180+1"]
[EndTime "8:06:13 PST"]
[Termination "BogdanDeac won on time"]

1. d4 Nf6 2. Nf3 e6 3. Bf4 a6 4. e3 Be7 5. Bd3 b5 6. e4 Bb7 7. Nbd2 d6 8. Qe2 Nbd7 9. O-O O-O 10. a4 b4 11. a5 c5 12. c3 bxc3 13. bxc3 Qc7 14. h3 Rfe8 15. Bh2 e5 16. d5 g6 17. Rfb1 Nh5 18. Nc4 Bf8 19. Nb6 Nf4 20. Bxf4 exf4 21. Nxa8 Bxa8 22. Qd2 Bh6 23. Ra4 c4 24. Rxc4 Qxa5 25.
Rcb4 Qc7 26. Bxa6 Nc5 27. Bd3 Bg7 28. Qc2 f5 29. exf5 Bxd5 30. Bc4 Qf7 31. fxg6 hxg6 32. Bxd5 Qxd5 33. Qxg6 Nd3 34. Qxe8+ 1-0

[Event "Early-Titled-Tuesday-Blitz-March-05-2024"]
[Site "Chess.com"]
[Date "2024.03.05"]
[Round "1"]
[White "JoliyRoger"]
[Black "Abund"]
[Result "0-1"]
[WhiteElo "2429"]
[BlackElo "2747"]
[TimeControl "180+1"]
[EndTime "8:06:14 PST"]
[Termination "Abund won by resignation"]

1. d4 d5 2. Nf3 Nf6 3. c4 e6 4. e3 a6 5. Nc3 dxc4 6. Bxc4 b5 7. Bd3 Bb7 8. O-O Nbd7 9. b3 c5 10. Bb2 Rc8 11. Rc1 Qb6 12. dxc5 Nxc5 13. Bb1 Be7 14. b4 Ncd7 15. a3 O-O 16. Qe2 Bxf3 17. gxf3 Ne5 18. Ne4 Nxe4 19. Bxe4 Nc4 20. Bd3 Nxb2 21. Qxb2 Bf6 22.
Qb1 g6 23. Kg2 Qd6 24. Rxc8 Rxc8 25. Be4 Rc3 26. Rd1 Qc7 27. Rd3 Rc1 28. Qb3 Kg7 29.
a4 Qe5 30. Rd1 Rc3 31. Qa2 Rc4 32. axb5 axb5 33. Qa8 Rxb4 34. f4 Qxe4+ 35. Qxe4 Rxe4 36. Rb1 b4 37. Kf3 Rc4 0-1

[Event "Early-Titled-Tuesday-Blitz-March-05-2024"]
[Site "Chess.com"]
[Date "2024.03.05"]
[Round "1"]
[White "GMG"]
[Black "ljuks68"]
[Result "1-0"]
[WhiteElo "2707"]
[BlackElo "2408"]
[TimeControl "180+1"]
[EndTime "8:06:16 PST"]
[Termination "GMG won by resignation"]

1. d4 d5 2. c4 c6 3. Nf3 Nf6 4.
Nc3 dxc4 5. a4 Bf5 6. Nh4 Bc8 7.
e3 e5 8. Bxc4 exd4 9. exd4 Be7 10.
Nf3 O-O 11. Ne5 Nbd7 12. O-O Nb6 13. Bb3 Nbd5 14. Re1 Be6 15. Bc2 Nb4 16. Bb1 a5 17. Be3 Nfd5 18. Qh5 g6 19. Nxg6 fxg6 20. Bxg6 Nf6 21.
Bxh7+ Nxh7 22. Qg6+ Kh8 23. Qxe6 Nc2 24. Bh6 Nxe1 25.
Bxf8 Nf3+ 26. gxf3 Bxf8 27. Re1 Qxd4 28. Re4 Qd6 29. Qh3 Bg7 30. Rh4 Qg6+ 31. Rg4 Qc2 32.
Ne4 Rf8 33. Rh4 Qd1+ 34. Kg2 Bh6 35. Rxh6 Rg8+ 36. Ng3 Rg7 37. Qc8+ 1-0

[Event "Early-Titled-Tuesday-Blitz-March-05-2024"]
[Site "Chess.com"]
[Date "2024.03.05"]
[Round "1"]
[White "Rosh1610"]
[Black "wannabe2700"]
[Result "1-0"]
[WhiteElo "2451"]
[BlackElo "2753"]
[TimeControl "180+1"]
[EndTime "8:06:17 PST"]
[Termination "Rosh1610 won by resignation"]

1. e4 c5 2. Nc3 e6 3. Nge2 Nc6 4. d4 cxd4 5. Nxd4 Nf6 6. Nxc6 bxc6 7. e5 Nd5 8. Ne4 Bb7 9. c4 Nb4 10. Bd2 c5 11.
Ng3 Qc7 12. Bc3 Be7 13. f3 Nc6 14. Qe2 O-O 15. Qe3 Nd4 16. Bd3 d6 17. exd6 Bxd6 18. O-O Bf4 19. Qf2 Rad8 20. Ne4 f5 21. Ng3 g6 22.
Rad1 e5 23. Kh1 e4 24. fxe4 fxe4 25. Nxe4 Bxh2 26. Nf6+ Kg7 27. Bxd4 cxd4 28. Qh4 Rxf6 29. Qxf6+ Kg8 30. Bxg6 Be5 31. Bf7+ Kf8 32. Qh6+ Bg7 33. Be6+ Ke8 34. Qh5+ 1-0

[Event "Early-Titled-Tuesday-Blitz-March-05-2024"]
[Site "Chess.com"]
[Date "2024.03.05"]
[Round "1"]
[White "JohnWhite1952"]
[Black "OneTrickPony_82"]
[Result "0-1"]
[WhiteElo "1973"]
[BlackElo "2531"]
[TimeControl "180+1"]
[EndTime "8:06:17 PST"]
[Termination "OneTrickPony_82 won by checkmate"]

1. e4 e5 2. Nf3 Nc6 3. Bb5 a6 4. Ba4 Nf6 5. O-O Be7 6. Re1 b5 7.
Bb3 O-O 8. c3 d5 9. exd5 Nxd5 10. Nxe5 Nxe5 11. Rxe5 Bb7 12. d4 Bf6 13. Re1 Re8 14. Nd2 Nf4 15. Rxe8+ Qxe8 16. Nf3 Bxf3 17. gxf3 Bg5 18. Bxf4 Bxf4 19. Qe1 Qd8 20. Qe4 Qg5+ 21. Kf1 Rf8 22. Re1 Bxh2 23. Bc2 g6 24. Qg4 Qd2 25. Qe4 Bd6 26. Rd1 Qg5 27. Qg4 Qf6 28. Qe4 h5 29.
Re1 Qg5 30. Ke2 c5 31. Kd1 cxd4 32. cxd4 Bb4 33. Rf1 Qd2# 0-1

[Event "Early-Titled-Tuesday-Blitz-March-05-2024"]
[Site "Chess.com"]
[Date "2024.03.05"]
[Round "1"]
[White "Volodar_Murzin"]
[Black "ccccvhhhj"]
[Result "1-0"]
[WhiteElo "2945"]
[BlackElo "2502"]
[TimeControl "180+1"]
[EndTime "8:06:18 PST"]
[Termination "Volodar_Murzin won on time"]

1. Nf3 d5 2. d4 Nc6 3. Bf4 Bf5 4. Nbd2 Nf6 5. a3 h6 6. e3 e6 7. c4 Be7 8. cxd5 exd5 9. Bb5 O-O 10. Bxc6 bxc6 11.
Rc1 Bd6 12. O-O Bxf4 13. exf4 Bg4 14. h3 Bh5 15. Qc2 Re8 16. Ne5 Nd7 17. Qxc6 Nxe5 18. fxe5 Rc8 19. Rfe1 Qg5 20. Nf1 Rcd8 21. Ng3 Bg6 22.
Qc3 h5 23. Qe3 Qe7 24. Rc5 h4 25. Ne2 Be4 26. Nc3 Rb8 27. b4 f5 28. f3 a5 29.
Rxa5 Ra8 30. Rxa8 Rxa8 31. fxe4 dxe4 32. Nd5 Qf7 33. e6 Qxe6 34. Nxc7 1-0